[Event "Early-Titled-Tuesday-Blitz-October-10-2023"]
[Site "Chess.com"]
[Date "2023.10.10"]
[Round "11"]
[White "DawidCzerw"]
[Black "AsaHoffmann"]
[Result "0-1"]
[WhiteElo "2517"]
[BlackElo "2405"]
[TimeControl "180+1"]
[EndTime "10:02:11 PDT"]
[Termination "AsaHoffmann won by checkmate"]

1. e4 d6 2. Nc3 c6 3. Nf3 Bg4 4.
d4 Nf6 5. Be2 e6 6. Ng1 Bxe2 7.
Qxe2 d5 8. e5 Nfd7 9. f4 c5 10.
Nf3 Nc6 11. dxc5 Bxc5 12. a3 a6 13. b4 Nd4 14. Nxd4 Bxd4 15. Bb2 Rc8 16. Nd1 Qb6 17. Bxd4 Qxd4 18. c3 Qxf4 19. Rf1 Qxe5 20. Qxe5 Nxe5 21. Kd2 Ke7 22. Nf2 Nc4+ 23. Kc2 Ne3+ 24. Kb3 Nxf1 25. Rxf1 Rc4 26. Nd3 Rhc8 27. Nc5 R4xc5 28. bxc5 Rxc5 29.
a4 b5 30. a5 f5 31. Rf3 Kf6 32. Rh3 h6 33. Rg3 g5 34. h4 e5 35. hxg5+ hxg5 36. Rh3 e4 37. Rh6+ Ke5 38. Rxa6 e3 39. Ra8 Kf4 40. a6 Rc6 41. Kb4 e2 42. Kxb5 Rxa6 43. Re8 Ra2 44. Kc5 Rd2 45. c4 dxc4 46. Kxc4 Kg3 47.
Kc3 Ra2 48. Kb3 e1=Q 49. Rxe1 Rxg2 50. Kc3 f4 51. Kd3 f3 52. Ke3 Re2+ 53. Rxe2 fxe2 54. Kxe2 Kg2 55. Ke3 g4 56. Kf4 g3 57. Kg4 Kf2 58. Kh3 g2 59. Kh2 g1=Q+ 60. Kh3 Qg5 61. Kh2 Qh6# 0-1

[Event "Early-Titled-Tuesday-Blitz-October-10-2023"]
[Site "Chess.com"]
[Date "2023.10.10"]
[Round "11"]
[White "Better_Chess_Faster"]
[Black "Darko-Dimitrijevic"]
[Result "1/2-1/2"]
[WhiteElo "2061"]
[BlackElo "2133"]
[TimeControl "180+1"]
[EndTime "10:02:11 PDT"]
[Termination "Game drawn by repetition"]

1. e4 c5 2. Nf3 e6 3. d4 cxd4 4. Nxd4 Nf6 5. Nc3 Bb4 6. Bd3 Nc6 7. Nxc6 bxc6 8. O-O d5 9. Bd2 O-O 10. Re1 Bb7 11.
Nxd5 Bxd2 12. Nxf6+ Qxf6 13. Qxd2 Rfd8 14. e5 Qh4 15.
Qe3 Rd4 16. Be4 Rad8 17. g3 Qe7 18. c3 Rd2 19. Re2 Rd1+ 20. Rxd1 Rxd1+ 21. Re1 Rxe1+ 22. Qxe1 Qc5 23. Bg2 g6 24. Qe3 Qb5 25. Qd4 Qxb2 26. Qd8+ Kg7 27. Qf6+ Kg8 28. Qd8+ Kg7 29. Qf6+ Kg8 30.
Qd8+ 1/2-1/2

[Event "Early-Titled-Tuesday-Blitz-October-10-2023"]
[Site "Chess.com"]
[Date "2023.10.10"]
[Round "11"]
[White "SanchezKelvin"]
[Black "Riku-gan"]
[Result "0-1"]
[WhiteElo "2608"]
[BlackElo "2846"]
[TimeControl "180+1"]
[EndTime "10:02:13 PDT"]
[Termination "Riku-gan won on time"]

1. e4 d5 2. exd5 Nf6 3. c4 c6 4. d4 Bg4 5. Qb3 cxd5 6. Qxb7 Nbd7 7. Nc3 Rb8 8. Qa6 e5 9. dxe5 Nc5 10. Qxa7 Nfe4 11. Bg5 Nxg5 12. cxd5 Rb7 13. Bb5+ Bd7 14. Bxd7+ Rxd7 0-1

[Event "Early-Titled-Tuesday-Blitz-October-10-2023"]
[Site "Chess.com"]
[Date "2023.10.10"]
[Round "11"]
[White "rasmussvane"]
[Black "seopie"]
[Result "1-0"]
[WhiteElo "2996"]
[BlackElo "2790"]
[TimeControl "180+1"]
[EndTime "10:02:16 PDT"]
[Termination "rasmussvane won by checkmate"]

1. Nf3 a6 2. g3 b5 3. Bg2 Bb7 4. O-O Nf6 5. d4 e6 6. Bg5 h6 7. Bxf6 Qxf6 8. Qd3 c5 9. c3 d5 10. Nbd2 Qd8 11. e4 Be7 12. exd5 Bxd5 13. dxc5 Bxc5 14. Ne5 Bxg2 15. Qxd8+ Kxd8 16. Nxf7+ Ke7 17. Nxh8 Bxf1 18. Kxf1 g5 19. Ne4 Nd7 20. Ng6+ Kf7 21. Rd1 Kxg6 22.
Rxd7 Bf8 23. Ke2 a5 24. Rb7 b4 25. c4 a4 26. c5 Rc8 27. Rxb4 Rxc5 28. Nxc5 a3 29.
bxa3 h5 30. Nxe6 h4 31. gxh4 g4 32. Nxf8+ Kh5 33. Nd7 Kh6 34. Rxg4 Kh7 35. a4 Kh6 36. a5 Kh5 37. f3 Kh6 38. a6 Kh5 39. a7 Kh6 40. a8=Q Kh7 41. Nf6+ Kh6 42. Qh8# 1-0

[Event "Early-Titled-Tuesday-Blitz-October-10-2023"]
[Site "Chess.com"]
[Date "2023.10.10"]
[Round "11"]
[White "jaskol95"]
[Black "Efremov_Vlad"]
[Result "0-1"]
[WhiteElo "2578"]
[BlackElo "2396"]
[TimeControl "180+1"]
[EndTime "10:02:16 PDT"]
[Termination "Efremov_Vlad won by resignation"]

1. d4 Nf6 2. Nc3 d5 3. Bf4 c5 4. e4 cxd4 5. Qxd4 Nc6 6. Bb5 Bd7 7. Bxc6 Bxc6 8. e5 Nd7 9. e6 fxe6 10. Nf3 Qb6 11.
Qd2 d4 12. Nxd4 Bxg2 13. Rg1 e5 14. Rxg2 exd4 15. O-O-O e5 16. Bg3 Qc6 17. Re1 dxc3 18. bxc3 Qxg2 19. Bxe5 O-O-O 20. Rd1 Qc6 21. Qd4 Ba3+ 22.
Kd2 Nxe5 0-1

[Event "Early-Titled-Tuesday-Blitz-October-10-2023"]
[Site "Chess.com"]
[Date "2023.10.10"]
[Round "11"]
[White "koncheto"]
[Black "Irina_Mikhaylova"]
[Result "1-0"]
[WhiteElo "2489"]
[BlackElo "2301"]
[TimeControl "180+1"]
[EndTime "10:02:19 PDT"]
[Termination "koncheto won by resignation"]

1. e4 c5 2. Nf3 Nc6 3. d4 cxd4 4. Nxd4 e5 5. Nb3 Nf6 6. f3 d5 7.
Bg5 dxe4 8. Qxd8+ Nxd8 9. Bxf6 gxf6 10. fxe4 f5 11. Nc3 fxe4 12. Nxe4 f5 13. Nc3 Be6 14. O-O-O Kf7 15. Na5 Bb4 16. Nc4 Bxc3 17. bxc3 Nc6 18. Nd6+ Kf6 19. Nxb7 Rab8 20. Nc5 Rhd8 21. Rxd8 Rxd8 22.
Nxe6 Kxe6 23. Bc4+ Kf6 24. Rd1 Rxd1+ 25. Kxd1 e4 26. Ke2 Ke5 27. g3 f4 28. gxf4+ Kxf4 29. Bg8 h6 30. Bd5 Ne5 31. c4 Nf3 32. c5 Ke5 33. c6 Nd4+ 34. Kd2 Nb5 35. c4 Nc7 36. Ke3 Kd6 37. Kxe4 Kc5 38. Kf5 Kd6 39. Kg6 Na6 40. Kxh6 Nb4 41. Kg7 Kc7 42. h4 Nxa2 43. h5 1-0

[Event "Early-Titled-Tuesday-Blitz-October-10-2023"]
[Site "Chess.com"]
[Date "2023.10.10"]
[Round "11"]
[White "Kirill_Klukin"]
[Black "angryspacevoid"]
[Result "1-0"]
[WhiteElo "2669"]
[BlackElo "2529"]
[TimeControl "180+1"]
[EndTime "10:02:22 PDT"]
[Termination "Kirill_Klukin won by resignation"]

1. d4 d5 2. c4 e6 3. Nc3 c5 4. cxd5 cxd4 5. Qa4+ Bd7 6. Qxd4 exd5 7. Qxd5 Nf6 8. Qd1 Bc5 9. Nf3 O-O 10. e3 Nc6 11. Be2 Qc7 12. O-O Ne5 13. Nd5 Nxd5 14. Qxd5 Bd6 15. Nd4 a6 16. Bd2 Rad8 17. Rac1 Qb8 18.
Bc3 Bg4 19. Bxg4 Nxg4 20. Qg5 Bxh2+ 21. Kh1 Bg1 22. g3 Nxf2+ 23. Rxf2 Bxf2 24. Nf5 1-0

[Event "Early-Titled-Tuesday-Blitz-October-10-2023"]
[Site "Chess.com"]
[Date "2023.10.10"]
[Round "11"]
[White "Maksimus1998"]
[Black "Shuvalov"]
[Result "0-1"]
[WhiteElo "2602"]
[BlackElo "2499"]
[TimeControl "180+1"]
[EndTime "10:02:33 PDT"]
[Termination "Shuvalov won by resignation"]

1. d4 f6 2. e4 d5 3. exd5 Qxd5 4.
Nc3 Qd8 5. Nf3 e6 6. Bc4 Bd6 7. O-O Ne7 8. Re1 O-O 9. Bxe6+ Bxe6 10. Rxe6 Nbc6 11. Re1 Ng6 12. Ne4 Be7 13. c3 Kh8 14. Ng3 Qd7 15. Qb3 Nd8 16. Nf5 Qxf5 17. Rxe7 Nxe7 18.
Be3 Qd7 19. c4 c6 20. Nd2 Nf5 21. Ne4 Nxe3 22. fxe3 Qe6 23. Nc5 Qe7 24. Qd3 b6 25.
Nb3 Nf7 26. e4 Rad8 27. Rd1 Rfe8 28. d5 Qxe4 0-1

[Event "Early-Titled-Tuesday-Blitz-October-10-2023"]
[Site "Chess.com"]
[Date "2023.10.10"]
[Round "11"]
[White "valemava"]
[Black "JSlaby"]
[Result "1-0"]
[WhiteElo "2332"]
[BlackElo "2571"]
[TimeControl "180+1"]
[EndTime "10:02:35 PDT"]
[Termination "valemava won by resignation"]

1. Nf3 c5 2. c4 g6 3. Nc3 Bg7 4. b3 Nc6 5. Bb2 e5 6. d3 Nge7 7. g3 O-O 8. Bg2 d6 9. h4 h6 10.
a3 f5 11. Rb1 Be6 12. e3 Qd7 13. O-O Rf7 14. b4 Raf8 15. b5 Na5 16. Ne2 b6 17.
Rc1 Bf6 18. Re1 g5 19. hxg5 hxg5 20. d4 Nxc4 21. Rxc4 Bxc4 22. dxe5 Bg7 23. Qc2 Bxe2 24. Rxe2 dxe5 25. Nxg5 e4 26. Nxf7 Rxf7 27. Rd2 Qe6 28.
Bf1 Bxb2 29. Bc4 1-0

[Event "Early-Titled-Tuesday-Blitz-October-10-2023"]
[Site "Chess.com"]
[Date "2023.10.10"]
[Round "11"]
[White "Rosh1610"]
[Black "LaPiToB"]
[Result "1-0"]
[WhiteElo "2430"]
[BlackElo "2305"]
[TimeControl "180+1"]
[EndTime "10:02:41 PDT"]
[Termination "Rosh1610 won by resignation"]

1. e4 c6 2. Nc3 d5 3. Nf3 dxe4 4. Nxe4 Nf6 5. Qe2 Nxe4 6. Qxe4 Qa5 7. Bc4 Bf5 8. Qf4 e6 9. c3 Nd7 10. O-O Be7 11.
d4 O-O 12. Qg3 Bg6 13. Bf4 Nf6 14. Bc7 Qh5 15. Rfe1 Rac8 16. Be5 Ne4 17. Qf4 Nf6 18. h3 Nd5 19. Qh2 b5 20. Bxd5 cxd5 21. g4 Qh6 22.
Bf4 Bd6 23. Bxd6 Be4 24. Bxf8 Rxf8 25. Ne5 f5 26. f3 Bc2 27. Qxc2 fxg4 28. hxg4 Qh3 29.
Qg2 1-0

[Event "Early-Titled-Tuesday-Blitz-October-10-2023"]
[Site "Chess.com"]
[Date "2023.10.10"]
[Round "11"]
[White "BeanScreen"]
[Black "Sergey85Rodchenkov"]
[Result "1-0"]
[WhiteElo "2700"]
[BlackElo "2499"]
[TimeControl "180+1"]
[EndTime "10:02:42 PDT"]
[Termination "BeanScreen won by resignation"]

1. e4 c5 2. Nf3 d6 3. d4 cxd4 4. Nxd4 Nf6 5. Nc3 a6 6. Be3 e5 7. Nb3 Be7 8. h3 Be6 9. f4 Nc6 10. f5 Bxb3 11. axb3 Nb4 12. Bc4 d5 13. Bxd5 Nbxd5 14. Nxd5 Nxd5 15. Qxd5 Bh4+ 16. Ke2 Qc8 17. Qxe5+ Be7 18. c4 Qc6 19. Rhd1 O-O 20. Qxe7 Rae8 21. Qc5 Qxe4 22. Kf2 b6 23. Qxb6 Qxf5+ 24. Kg1 Re6 25. Qc5 Qc2 26. Rd2 Qe4 27. Re1 Rg6 28. Qxf8+ Kxf8 29. Bc5+ 1-0

[Event "Early-Titled-Tuesday-Blitz-October-10-2023"]
[Site "Chess.com"]
[Date "2023.10.10"]
[Round "11"]
[White "NowInChess"]
[Black "UK_23"]
[Result "0-1"]
[WhiteElo "2207"]
[BlackElo "2357"]
[TimeControl "180+1"]
[EndTime "10:02:45 PDT"]
[Termination "UK_23 won on time"]

1. e4 e5 2. Nf3 Nc6 3. d4 exd4 4. Bc4 Nf6 5. e5 d5 6. Bb5 Nd7 7. O-O Ndb8 8. Nxd4 a6 9. Ba4 b5 10. Bb3 Na5 11.
c3 c5 12. Nf3 Nxb3 13. axb3 Be7 14. Bf4 O-O 15. Nbd2 Nc6 16. Re1 b4 17. c4 d4 18.
Ne4 h6 19. h3 Bf5 20. Ng3 Bh7 21. e6 fxe6 22. Rxe6 Rxf4 23. Rxc6 a5 24. Qe2 d3 25. Qe6+ Kh8 26. Nh5 Rxf3 27. gxf3 d2 28. Rd1 Bc2 29. Qg6 Bxg6 0-1

[Event "Early-Titled-Tuesday-Blitz-October-10-2023"]
[Site "Chess.com"]
[Date "2023.10.10"]
[Round "11"]
[White "subham777"]
[Black "attack2mateU"]
[Result "0-1"]
[WhiteElo "2507"]
[BlackElo "2719"]
[TimeControl "180+1"]
[EndTime "10:02:51 PDT"]
[Termination "attack2mateU won by resignation"]

1. e4 c5 2. Nf3 d6 3. d4 cxd4 4. Qxd4 Nc6 5. Bb5 Bd7 6. Bxc6 Bxc6 7. c4 Nf6 8. Nc3 g6 9. Bg5 Bg7 10. Qd3 O-O 11. O-O h6 12. Bxf6 Bxf6 13. Nd4 Qb6 14. Nxc6 bxc6 15. b3 Qd4 16. Qxd4 Bxd4 17. Rac1 f5 18. exf5 Rxf5 19. Ne2 Bb6 20. Ng3 Rf4 21.
Rce1 Raf8 22. Rxe7 Bxf2+ 23. Kh1 Bxg3 24. Rxf4 Bxf4 25.
g3 Be5 26. Rxa7 c5 27. Rb7 Rf2 28. a4 Ra2 29. Kg1 g5 30. Kh1 g4 31. Kg1 Bd4+ 32.
Kf1 Rxh2 33. Rd7 Be5 34. a5 Ra2 35. Ra7 Bxg3 36. a6 h5 37. Ra8+ Kg7 38. a7 h4 39.
Kg1 h3 0-1

[Event "Early-Titled-Tuesday-Blitz-October-10-2023"]
[Site "Chess.com"]
[Date "2023.10.10"]
[Round "11"]
[White "Agibileg"]
[Black "ChessTankMan"]
[Result "0-1"]
[WhiteElo "2675"]
[BlackElo "2543"]
[TimeControl "180+1"]
[EndTime "10:02:56 PDT"]
[Termination "ChessTankMan won by resignation"]

1. d4 Nf6 2. c4 e6 3. Nc3 Bb4 4. f3 d5 5. a3 Bxc3+ 6. bxc3 c6 7. e3 b6 8. Bd3 O-O 9. Ne2 Ba6 10. cxd5 cxd5 11. O-O Bxd3 12. Qxd3 Qc7 13. e4 Nc6 14. e5 Nd7 15. f4 Rac8 16. f5 exf5 17. Qxf5 Rce8 18.
Bh6 gxh6 19. Qh5 Ncxe5 20. dxe5 Qxe5 21. Qg4+ Qg5 22. Qxg5+ hxg5 23. Nd4 f6 24. Rf5 Ne5 25. Raf1 Kg7 26. h4 h6 27. a4 Kg6 28. h5+ Kxh5 29. Rxf6 Rxf6 30. Rxf6 Ng4 31. Re6 Rxe6 32. Nxe6 Kg6 33.
Nc7 Ne3 34. Nb5 a6 35. Nc7 a5 36. Na8 Nc4 37. Nc7 Nb2 38. Nxd5 Nxa4 39. c4 Kf5 40.
Kh2 Ke5 41. Kh3 b5 42. Ne3 b4 43. Kg4 Kd4 44. Nd1 Kxc4 45. Kh5 b3 46. g4 b2 47. Nxb2+ Nxb2 48. Kxh6 Nd3 49. Kxg5 Ne5 0-1

[Event "Early-Titled-Tuesday-Blitz-October-10-2023"]
[Site "Chess.com"]
[Date "2023.10.10"]
[Round "11"]
[White "lefonghua"]
[Black "DvaHrasta"]
[Result "0-1"]
[WhiteElo "2597"]
[BlackElo "2473"]
[TimeControl "180+1"]
[EndTime "10:02:57 PDT"]
[Termination "DvaHrasta won by checkmate"]

1. d4 Nf6 2. c4 e6 3. Nc3 Bb4 4. f3 c5 5. a3 cxd4 6. axb4 dxc3 7. bxc3 O-O 8. e4 d5 9. e5 Nfd7 10. f4 f6 11. exf6 Qxf6 12. Nf3 Nc6 13. cxd5 exd5 14. Qxd5+ Kh8 15. Bd2 Nb6 16. Qg5 Re8+ 17. Kf2 Qd6 18. Bb5 h6 19. Qc5 Qxc5+ 20. bxc5 Nd5 21. Ne5 Re6 22. Nxc6 bxc6 23. Bd3 a5 24. c4 Nf6 25. Rxa5 Ng4+ 26. Kf3 Rxa5 27. Bxa5 Re3# 0-1

[Event "Early-Titled-Tuesday-Blitz-October-10-2023"]
[Site "Chess.com"]
[Date "2023.10.10"]
[Round "11"]
[White "SmirnovAlexandrA"]
[Black "kacprekt"]
[Result "1-0"]
[WhiteElo "2632"]
[BlackElo "2482"]
[TimeControl "180+1"]
[EndTime "10:03:00 PDT"]
[Termination "SmirnovAlexandrA won by checkmate"]

1. e4 e5 2. d4 exd4 3. Qxd4 Nc6 4. Qe3 Bb4+ 5. Nc3 Nge7 6. Bd2 O-O 7. O-O-O d6 8. h4 Bc5 9. Qg3 Kh8 10. h5 h6 11. Bd3 f5 12. Nf3 Nb4 13. Bc4 fxe4 14.
Nxe4 Nf5 15. Qh2 Qe8 16. Nxc5 dxc5 17. Bxb4 cxb4 18. Ne5 Be6 19. Ng6+ Kg8 20. Rhe1 Rf6 21. Qe5 Bxc4 22. Qxe8+ Rxe8 23. Rxe8+ Kf7 24. Rdd8 Bb5 25.
Nh8# 1-0

[Event "Early-Titled-Tuesday-Blitz-October-10-2023"]
[Site "Chess.com"]
[Date "2023.10.10"]
[Round "11"]
[White "feuervogel1000000"]
[Black "ArtemDyachuk"]
[Result "1-0"]
[WhiteElo "2552"]
[BlackElo "2671"]
[TimeControl "180+1"]
[EndTime "10:03:02 PDT"]
[Termination "feuervogel1000000 won by resignation"]

1. d4 Nf6 2. c4 e6 3. Nf3 c5 4.
d5 d6 5. Nc3 exd5 6. cxd5 g6 7.
e4 Bg7 8. h3 O-O 9. Bd3 b5 10.
Bxb5 Nxe4 11. Nxe4 Qa5+ 12. Nfd2 Qxb5 13. Nxd6 Qa6 14. N2c4 Nd7 15. O-O Ne5 16. Nxe5 Qxd6 17. Nc4 Qa6 18. Ne3 Rb8 19. Qc2 Bd7 20. a4 Rfc8 21. Rd1 Rb4 22. Ra3 Rxa4 23. Rxa4 Bxa4 24.
b3 Bb5 25. Bb2 Qa2 26. Bxg7 Qxc2 27. Nxc2 Kxg7 28. Na3 Ba6 29. d6 Kf6 30. d7 Rd8 31.
Rd6+ Ke7 32. Rxa6 Rxd7 33. Kf1 Rb7 34. Nc4 Rxb3 35. Rxa7+ Kf6 36. Ke2 Rc3 37. Ne3 Ke6 38. Kd2 Rb3 39. Kc2 Rb4 40. Kc3 Rb1 41. f4 Rb4 42. Ra6+ Kd7 43. Nc4 Ke7 44. Ra5 Rb1 45.
Rxc5 Rg1 46. Ne3 Kf6 47. Kd3 h5 48. Ke4 Re1 49. g4 Ke6 50. gxh5 gxh5 51. Rxh5 f5+ 52. Rxf5 1-0

[Event "Early-Titled-Tuesday-Blitz-October-10-2023"]
[Site "Chess.com"]
[Date "2023.10.10"]
[Round "11"]
[White "falzehope0"]
[Black "Mystery2007"]
[Result "1-0"]
[WhiteElo "2342"]
[BlackElo "2462"]
[TimeControl "180+1"]
[EndTime "10:03:03 PDT"]
[Termination "falzehope0 won on time"]

1. d4 a6 2. e3 d5 3. Bd3 g6 4. f4 Bg7 5. Nf3 c5 6. c3 Nc6 7.
O-O c4 8. Bc2 Bf5 9. Nbd2 Nf6 10.
Re1 Ne4 11. Nxe4 Bxe4 12. Nd2 Bxc2 13. Qxc2 f5 14. b3 b5 15. a4 O-O 16. Ba3 Rf7 17.
Bc5 e6 18. b4 Rb7 19. a5 h6 20.
Nf3 Qe8 21. Kh1 Rd8 22. Rg1 Rdd7 23. g4 Kh7 24. Rg2 Rf7 25. Rag1 Bh8 26. Qf2 Qd8 27. Qg3 Nb8 28. gxf5 Rf6 29. fxg6+ Kg8 30. Ne5 Nd7 31. Nf7 Qe8 32. Nxh6+ Kg7 33. Nf7 Nf8 34. Nxh8 Kxh8 35.
g7+ 1-0

[Event "Early-Titled-Tuesday-Blitz-October-10-2023"]
[Site "Chess.com"]
[Date "2023.10.10"]
[Round "11"]
[White "GMKrikor"]
[Black "mr_gustavo"]
[Result "0-1"]
[WhiteElo "2821"]
[BlackElo "2661"]
[TimeControl "180+1"]
[EndTime "10:03:08 PDT"]
[Termination "mr_gustavo won by resignation"]

1. Nf3 Nf6 2. c4 e6 3. Nc3 d5 4.
cxd5 exd5 5. d4 c6 6. Bf4 Bd6 7.
Bxd6 Qxd6 8. e3 Bf5 9. Nh4 Bg6 10. Qb3 Qe7 11. h3 O-O 12. Nxg6 hxg6 13. Bd3 Qc7 14. O-O-O Nbd7 15. Kb1 a5 16. Qc2 Qd6 17. g4 b5 18.
Rc1 Rfc8 19. f4 Nb6 20. g5 Nh5 21. f5 Ng3 22. fxg6 Nxh1 23. gxf7+ Kxf7 24. Rxh1 Kg8 25. Ne2 Nc4 26. Nf4 Nxe3 27. Qf2 Rf8 28. Qxe3 Rae8 29. Qf3 Rxf4 30. Qh5 Re3 31. Qh7+ Kf7 32. Bg6+ Qxg6+ 0-1

[Event "Early-Titled-Tuesday-Blitz-October-10-2023"]
[Site "Chess.com"]
[Date "2023.10.10"]
[Round "11"]
[White "surrenderPLS"]
[Black "HanSchut"]
[Result "1-0"]
[WhiteElo "2513"]
[BlackElo "2353"]
[TimeControl "180+1"]
[EndTime "10:03:13 PDT"]
[Termination "surrenderPLS won on time"]

1. e4 c5 2. Nf3 d6 3. d4 cxd4 4. Nxd4 Nf6 5. Nc3 a6 6. Rg1 e6 7. g4 d5 8. exd5 Nxd5 9. Nxd5 Qxd5 10. Be3 Be7 11. Bg2 Qd6 12. Qd2 O-O 13. O-O-O Rd8 14. Nb3 Qc7 15. Qa5 Qxa5 16. Nxa5 Nd7 17. Bxb7 Rb8 18. Bxc8 Rbxc8 19. Nb7 Nf6 20. Nxd8 Bxd8 21. Bg5 h6 22. Bxf6 Bxf6 23. f4 Rb8 24. c3 a5 25. Kc2 a4 26. a3 g6 27. Rd7 Bg7 28.
h4 Rb5 29. Rgd1 g5 30. hxg5 hxg5 31. f5 exf5 32. R1d5 Rxd5 33. Rxd5 fxg4 34. Rxg5 f5 35. Rxf5 Bf6 36. Rxf6 Kg7 37. Rf4 1-0

[Event "Early-Titled-Tuesday-Blitz-October-10-2023"]
[Site "Chess.com"]
[Date "2023.10.10"]
[Round "11"]
[White "SharapovEvgeny"]
[Black "Mr_ruthless"]
[Result "1-0"]
[WhiteElo "2611"]
[BlackElo "2459"]
[TimeControl "180+1"]
[EndTime "10:03:14 PDT"]
[Termination "SharapovEvgeny won by resignation"]

1. e4 e5 2. Nf3 Nc6 3. Bb5 a6 4. Ba4 Nf6 5. d3 d6 6. O-O g6 7. c3 Bg7 8. Re1 O-O 9. Nbd2 b5 10. Bb3 h6 11. Nf1 Re8 12. Ng3 d5 13. exd5 Nxd5 14. d4 Bb7 15. Nxe5 Nxe5 16. dxe5 Rxe5 17. Rxe5 Bxe5 18.
Bxh6 Qh4 19. Qd2 Nf4 20. Bxf4 Qxf4 21. Qxf4 Bxf4 22. Rd1 Bd6 23. Bd5 Bxd5 24. Rxd5 Re8 25. Kf1 Bxg3 26. hxg3 Re7 27. a4 c6 28. Rd8+ Kg7 29. a5 c5 30. Rd6 Re6 31. Rxe6 fxe6 32. Ke2 Kf6 33. Ke3 Ke5 34. b3 Kf5 35. f3 Ke5 36. g4 g5 37. g3 Kd5 38. f4 gxf4+ 39. gxf4 1-0

[Event "Early-Titled-Tuesday-Blitz-October-10-2023"]
[Site "Chess.com"]
[Date "2023.10.10"]
[Round "11"]
[White "whiteglovethief"]
[Black "GothamChess"]
[Result "1/2-1/2"]
[WhiteElo "2577"]
[BlackElo "2742"]
[TimeControl "180+1"]
[EndTime "10:03:17 PDT"]
[Termination "Game drawn by agreement"]

1. d4 f5 2. g3 Nf6 3. Bg2 e6 4. c4 Bb4+ 5. Bd2 Bxd2+ 6. Nxd2 O-O 7. Ngf3 d6 8. O-O Nc6 9. Qc2 Nb4 10. Qb3 a5 11. a3 Nc6 12. Qc2 e5 13. d5 Nb8 14.
e4 fxe4 15. Ng5 Na6 16. Ndxe4 Nxe4 17. Nxe4 Bf5 18. Qe2 Qe7 19. h4 h6 20. b4 axb4 21. axb4 Nxb4 22. Rxa8 Rxa8 23. Qb2 Nd3 24. Qxb7 Rf8 25. c5 Bxe4 26. cxd6 Qxd6 27. Bxe4 Nc5 28. Qb1 Nxe4 29. Qxe4 Rd8 30. Rc1 Qxd5 31. Qxd5+ Rxd5 1/2-1/2

[Event "Early-Titled-Tuesday-Blitz-October-10-2023"]
[Site "Chess.com"]
[Date "2023.10.10"]
[Round "11"]
[White "kritipatel"]
[Black "HeinichessPY"]
[Result "0-1"]
[WhiteElo "2108"]
[BlackElo "2198"]
[TimeControl "180+1"]
[EndTime "10:03:18 PDT"]
[Termination "HeinichessPY won by checkmate"]

1. e4 c5 2. d4 cxd4 3. c3 dxc3 4. Nxc3 Nc6 5. Nf3 e6 6. Bc4 a6 7. O-O b5 8. Bb3 Bb7 9. Qe2 Na5 10. Bd5 Ne7 11.
Bxb7 Nxb7 12. Rd1 Nc6 13. Bf4 Be7 14. Rac1 O-O 15. e5 Rc8 16. Ne4 f5 17. Neg5 Qe8 18.
Qd3 h6 19. Qxd7 hxg5 20. Qxb7 gxf4 21. Rd7 Na5 22. Rxc8 Qxc8 23. Qxc8 Rxc8 24. g3 Kf8 25.
Nd4 Ke8 26. Ra7 Bc5 27. Rxa6 Bxd4 28. Rxa5 f3 29. h4 Rc2 30. Kh2 Rxf2+ 31. Kh3 Rxb2 32. Ra8+ Kf7 33. Rb8 f2 34. Rb7+ Kg6 35. h5+ Kh6 36. g4 f1=Q+ 37. Kg3 Rg2+ 38. Kh4 Qh1# 0-1

[Event "Early-Titled-Tuesday-Blitz-October-10-2023"]
[Site "Chess.com"]
[Date "2023.10.10"]
[Round "11"]
[White "chessculator16"]
[Black "zverr1"]
[Result "1-0"]
[WhiteElo "2328"]
[BlackElo "2483"]
[TimeControl "180+1"]
[EndTime "10:03:19 PDT"]
[Termination "chessculator16 won by resignation"]

1. d4 Nf6 2. c4 e6 3. Nc3 d5 4.
cxd5 exd5 5. Bg5 Be7 6. e3 O-O 7. Qc2 Re8 8. Bd3 h6 9. Bh4 c5 10. dxc5 d4 11. exd4 Bxc5+ 12. Nge2 Bxd4 13. O-O Bb6 14. Rad1 Nbd7 15. Rfe1 Qc7 16. Bg3 Qc5 17. Na4 Qxc2 18.
Bxc2 Nc5 19. Nxb6 axb6 20. a3 Bg4 21. f3 Be6 22. Nd4 Rac8 23. Nb5 Bc4 24. Nd6 Rxe1+ 25.
Rxe1 Bd3 26. Nxc8 Bxc2 27. Nxb6 Nd3 28. Re2 Bb3 29. Rd2 Nc5 30. Bd6 Ne6 31. g3 g5 32.
f4 Ne4 33. Rd3 Bc2 34. Rd5 Bb3 35. Rb5 Nxd6 36. Rxb3 gxf4 37. gxf4 Nxf4 38. Nd7 f5 39. Nc5 Ne2+ 40. Kf2 Nf4 41. Nxb7 Ne4+ 42. Ke3 Ng2+ 43.
Kd4 Nd2 44. Rg3+ 1-0

[Event "Early-Titled-Tuesday-Blitz-October-10-2023"]
[Site "Chess.com"]
[Date "2023.10.10"]
[Round "11"]
[White "McCarthyStone"]
[Black "Likvidator228"]
[Result "1-0"]
[WhiteElo "2436"]
[BlackElo "2556"]
[TimeControl "180+1"]
[EndTime "10:03:20 PDT"]
[Termination "McCarthyStone won by checkmate"]

1. e4 c5 2. g3 h5 3. Nf3 Nc6 4. Bg2 e6 5. d4 cxd4 6. Nxd4 Nf6 7. Nc3 h4 8. Nxc6 bxc6 9. Be3 d5 10. e5 Nd7 11. f4 Qa5 12. O-O g6 13. a3 Bc5 14.
Bd4 hxg3 15. hxg3 Qb6 16. Bxc5 Qxc5+ 17. Rf2 Rb8 18. Rb1 Ba6 19. Qd2 Ke7 20. b4 Qb6 21.
Rd1 Rh7 22. Ne4 Rbh8 23. Ng5 Rh2 24. a4 Bc4 25. c3 a5 26. Nf3 R2h5 27. g4 R5h6 28.
Nd4 c5 29. bxc5 Qxc5 30. f5 Nxe5 31. fxe6 f6 32. Qe3 g5 33. Nf5+ Kxe6 34. Qxc5 R6h7 35.
Bxd5+ Bxd5 36. Qxd5# 1-0

[Event "Early-Titled-Tuesday-Blitz-October-10-2023"]
[Site "Chess.com"]
[Date "2023.10.10"]
[Round "11"]
[White "LileKoridze"]
[Black "topin8"]
[Result "1-0"]
[WhiteElo "2361"]
[BlackElo "2424"]
[TimeControl "180+1"]
[EndTime "10:03:20 PDT"]
[Termination "LileKoridze won on time"]

1. d4 Nf6 2. c4 c6 3. Nc3 d5 4. e3 g6 5. Nf3 Bg7 6. Bd3 O-O 7. O-O Nbd7 8. b3 Re8 9. Bb2 a6 10. cxd5 Nxd5 11. Nxd5 cxd5 12. Rc1 b5 13. Qe2 Bb7 14. Rc2 Qb6 15. Rfc1 Rac8 16. h3 Rxc2 17. Rxc2 Rc8 18. Rxc8+ Bxc8 19. Qc2 Bb7 20. a4 b4 21. e4 dxe4 22.
Bxe4 e6 23. Ne5 Nxe5 24. dxe5 Bf8 25. Bxb7 Qxb7 26. Qc4 Qd7 27. Bd4 Qb7 28. Be3 h6 29.
Bd2 Kg7 30. Qf4 Kg8 31. Qc4 a5 32. Qb5 Qxb5 33. axb5 Bc5 34. Be3 Bxe3 35. fxe3 a4 36. b6 axb3 37. b7 b2 38. b8=Q+ 1-0

[Event "Early-Titled-Tuesday-Blitz-October-10-2023"]
[Site "Chess.com"]
[Date "2023.10.10"]
[Round "11"]
[White "atalz0"]
[Black "viktorskliarov"]
[Result "1-0"]
[WhiteElo "2502"]
[BlackElo "2620"]
[TimeControl "180+1"]
[EndTime "10:03:24 PDT"]
[Termination "atalz0 won by resignation"]

1. d4 Nf6 2. c4 e6 3. Nc3 Bb4 4. Qc2 c5 5. dxc5 Na6 6. a3 Bxc3+ 7.
Qxc3 Nxc5 8. b4 Nce4 9. Qb2 d5 10. c5 d4 11. e3 e5 12. Nf3 O-O 13. Nxe5 dxe3 14.
Bxe3 Re8 15. Bc4 Be6 16. O-O Bxc4 17. Nxc4 Qd5 18. Qc2 Ng4 19. Rad1 Qh5 20. h3 Nxe3 21. Nxe3 Qg6 22. Rfe1 h5 23. Nd5 Rad8 24. f3 Ng5 25.
Ne7+ Rxe7 26. Rxd8+ 1-0

[Event "Early-Titled-Tuesday-Blitz-October-10-2023"]
[Site "Chess.com"]
[Date "2023.10.10"]
[Round "11"]
[White "MagnusCarlsen"]
[Black "shimastream"]
[Result "1-0"]
[WhiteElo "3271"]
[BlackElo "3001"]
[TimeControl "180+1"]
[EndTime "10:03:26 PDT"]
[Termination "MagnusCarlsen won by resignation"]

1. e4 d6 2. d4 c6 3. Nc3 e5 4. dxe5 dxe5 5. Qxd8+ Kxd8 6. f4 Nd7 7.
Nf3 Bd6 8. Bc4 Ke8 9. Rf1 Ngf6 10. g3 b5 11. Bb3 a5 12. a3 Ba6 13. fxe5 Nxe5 14.
Nxe5 Bxe5 15. Bf4 Bxc3+ 16. bxc3 Ke7 17. O-O-O b4 18. e5 Nd5 19. Bg5+ Ke6 20. c4 Nc3 21. Rd6+ Kxe5 22. Bf4+ Ke4 23. Re1+ Kf3 24. axb4 axb4 25.
Kb2 Rhe8 26. Rf1+ Kg2 27. Rc1 Ne2 28. Ra1 Nxf4 29. gxf4 Bb7 30. Rad1 Re7 31. c5 Rae8 32. f5 Kxh2 33. f6 gxf6 34. Rxf6 h5 35. Rh6 Kg3 36. Rxh5 Re5 37. Rh7 R8e7 38. Rf1 f5 39. Rh8 Rg7 40.
Rg1+ 1-0